 Dungeon Crawl Stone Soup version 0.31.0-32-g396128a36d (webtiles) character file.

Game seed: 12349801937957956839

140 Curundu the Chopper (level 5, 0/47 HPs)
             Began as a Minotaur Berserker on Mar 28, 2024.
             Was a Believer of Trog.
             Succumbed to Ijyb's poison
             ... on level 3 of the Dungeon.
             The game lasted 00:04:59 (1795 turns).

Curundu the Chopper (Minotaur Berserker)            Turns: 1795, Time: 00:05:00

Health: 0/47       AC:  2    Str: 24    XL:     5   Next: 2%
Magic:  4/4        EV: 12    Int:  4    God:    Trog [**....]
Gold:   113        SH:  0    Dex:  9    Spells: 4/4 levels left

rFire   . . .        a - +0 hand axe
rCold   . . .        (no shield)
rNeg    . . .        b - +0 animal skin
rPois   .            (helmet restricted)
rElec   .            (no cloak)
rCorr   .            (no gloves)
SInv    .            (no boots)
Will    ++...        (no amulet)
Stlth   +            (no ring)
HPRegen 1.27/turn    (no ring)
MPRegen 0.09/turn

%: no passive effects
@: lethally poisoned (0 -> -7), strong-willed, regenerating
A: horns 2, retaliatory headbutt
a: Renounce Religion, Berserk, Trog's Hand


You were on level 3 of the Dungeon.
You worshipped Trog.
Trog was pleased with you.
You visited 1 branch of the dungeon, and saw 3 of its levels.

You collected 113 gold pieces.

Inventory:

Hand Weapons
 a - a +0 hand axe (weapon)
Armour
 b - a +0 animal skin (worn)
Wands
 h - a wand of mindburst (11)
Scrolls
 d - a scroll of blinking {unknown}
 f - 2 scrolls of teleportation {unknown}
 g - 3 scrolls of identify {unknown}
 i - a scroll of fear {unknown}
Potions
 c - 2 potions of lignification {unknown}
 e - a potion of magic {unknown}


   Skills:
 + Level 4.8 Fighting
 + Level 5.0 Axes
 + Level 2.8 Armour
 + Level 3.4 Dodging
 + Level 0.1 Stealth


You had 4 spell levels left.
You didn't know any spells.
Your spell library was empty.

Dungeon Overview and Level Annotations

Branches:
Dungeon (3/15)

Altars:


Innate Abilities, Weirdness & Mutations

You have a pair of horns on your head.
You reflexively headbutt those who attack you in melee.


Message History

Ijyb is heavily wounded.
Ijyb hits you but does no damage.
You are poisoned.
The orc barely misses you.
You closely miss Ijyb.
Ijyb is heavily wounded.
You feel sick.
Ijyb hits you with a +1 dagger of venom.
The orc barely misses you.
You hit Ijyb.
Ijyb is severely wounded.
You feel sick.
Ijyb hits you with a +1 dagger of venom.
You are more poisoned.
The orc hits you from afar with a +0 trident.
You barely miss Ijyb. Your headbutt misses Ijyb.
Ijyb is severely wounded.
You feel very sick. Ijyb closely misses you. You furiously retaliate!
You headbutt Ijyb.
The orc hits you from afar with a +0 trident.
You barely miss Ijyb.
Ijyb is almost dead.
You feel very sick.
Ijyb screams, "You nasty!
Big nasty!"
Ijyb hits you with a +1 dagger of venom.
* * * LOW HITPOINT WARNING * * *
You are more poisoned.
The orc hits you from afar with a +0 trident.
* * * LOW HITPOINT WARNING * * *
You hit Ijyb but do no damage. You headbutt Ijyb, but do no damage.
Ijyb is almost dead.
* * * LOW HITPOINT WARNING * * *
You feel very sick. Ijyb barely misses you. You furiously retaliate!
You headbutt Ijyb!
You kill Ijyb!
Trog accepts your kill.
The orc hits you from afar with a +0 trident.
* * * LOW HITPOINT WARNING * * *
You have reached level 5!
You die...

#### >.... #####
... .#######... S..
.........#######
#o###..
#....†...###.......
#.######..@......#
.. ##.#
####).......
#.###..# ##.....##
#.##..## ....(..
#.#..## ......#
#.#.## ...#..#
#.#.# .###...
#.#.## .# #. #....#


You could see an orc.

Vanquished Creatures
  Terence (D:2)
  Jessica (D:2)
  Ijyb (D:3)
  2 adders (D:2)
  A ribbon worm (D:2)
  2 bats
  3 endoplasms (D:2)
  A giant cockroach (D:2)
  5 goblins
  6 hobgoblins
  5 kobolds
  2 quokkas
  3 ball pythons
  4 frilled lizards
  8 rats
45 creatures vanquished.

Notes
Turn   | Place    | Note
-------+----------+-------------------------------------------
     0 | D:1      | Curundu the Minotaur Berserker began the quest for the Orb.
     0 | D:1      | Reached XP level 1. HP: 19/19 MP: 0/0
   136 | D:1      | Reached XP level 2. HP: 19/27 MP: 1/1
   296 | D:1      | Reached skill level 4 in Axes
   830 | D:2      | Noticed Terence
   843 | D:2      | Killed Terence
   844 | D:2      | Reached XP level 3. HP: 16/33 MP: 2/2
   969 | D:2      | Reached ** piety under Trog
   998 | D:2      | Noticed Jessica
  1010 | D:2      | Reached XP level 4. HP: 11/41 MP: 3/3
  1011 | D:2      | Killed Jessica
  1276 | D:2      | Reached skill level 5 in Axes
  1783 | D:3      | Noticed Ijyb
  1794 | D:3      | Killed Ijyb
  1794 | D:3      | HP: 2/41 [orc/+0 trident (1)]
  1795 | D:3      | Reached XP level 5. HP: 3/47 MP: 4/4
  1795 | D:3      | Succumbed to Ijyb's poison

Illustrated notes

Levels and vault maps discovered:
D:1:      heliophobic_arrival_dark_side_of_the_moon, layout_basic
D:2:      layout_loops_corners, nrook_mini_backslash, uniq_jessica, uniq_terence
D:3:      layout_rooms, trog_book, minivault_23, uniq_ijyb

Skill      XL: |  1  2  3  4 |
---------------+-------------+-----
Axes           | 4 5 |  5.0
Fighting       | 4 |  4.8
Dodging        | 3 |  3.4
Armour         | |  2.8
Stealth        | |  0.1

Action                     |  1- 3 |  4- 6 || total
---------------------------+-------+-------++-------
  Melee: Hand axe          |    72 |    26 ||    98
         Headbutt          |     9 |     5 ||    14
 Invoke: Berserk           |     1 |     1 ||     2
         Trog's Hand       |       |     1 ||     1
 Armour: Animal skin       |    56 |    22 ||    78
  Dodge: Dodged            |    45 |    13 ||    58
